 Dungeon Crawl Stone Soup version 0.32-a0-834-geaf45d8e21 (webtiles) character file.

Game seed: 7068135462805017404

137971 lunkers the Severer (level 17, -1/144 HPs)
             Began as a Coglin Berserker on Mar 20, 2024.
             Was the Champion of Trog.
             Killed by Olgreb's Toxic Radiance
             ... invoked by a naga ritualist
              (2 damage)
             ... on level 3 of the Snake Pit on Mar 25, 2024.
             The game lasted 00:44:40 (27453 turns).

lunkers the Severer (Coglin Berserker)             Turns: 27453, Time: 00:44:41

Health: -1/144     AC: 22    Str: 25    XL:     17   Next: 25%
Magic:  2/17       EV: 12    Int:  8    God:    Trog [******]
Gold:   868        SH:  0    Dex: 13    Spells: 16/16 levels left

rFire   + + .        V - +8 mithril axe "Arga" {speed, Will+}
rCold   + . .        B - +8 broad axe of Absolutism {flame, rCorr Stlth+}
rNeg    . . .        F - +2 chain mail {Will+}
rPois   .            a - +0 helmet
rElec   .            r - scarf {rC+ rF+}
rCorr   +            d - +3 pair of gauntlets of War {Slay+5}
SInv    .            h - +0 pair of boots
Will    +++++        (amulet unavailable) Stlth
                     (ring unavailable)
HPRegen 1.44/turn    (ring unavailable)
MPRegen 0.15/turn    N
                       - NW-80 thermogenerator {AutoDazzle, rF+ Slay+3}

%: no passive effects
@: lethally poisoned (-1 -> -3), marked, strong-willed, regenerating
A: off-hand wielding, slow wielding, warmup strikes, no jewellery
a: Renounce Religion, Berserk, Trog's Hand, Brothers in Arms


You were on level 3 of the Snake Pit.
You worshipped Trog.
Trog was exalted by your worship.
You visited 4 branches of the dungeon, and saw 24 of its levels.
You also visited: Ice Cave.

You collected 2769 gold pieces.
You spent 1901 gold pieces at shops.

Inventory:

Hand Weapons
 B - the +8 broad axe of Absolutism (offhand) {flame, rCorr Stlth+}
   (Trog gifted it to you on level 10 of the Dungeon)

   rCorr:     It protects you from acid and corrosion.
   Stlth+:    It makes you more stealthy.
 S - a +3 broad axe of flaming
 V - the +8 mithril axe "Arga" (weapon) {speed, Will+}
   (You bought it in a shop on level 1 of the Orcish Mines)

   Will+:     It increases your willpower.
 W - a +6 broad axe of flaming
Armour
 a - a +0 helmet (worn)
 d - the +3 pair of gauntlets of War (worn) {Slay+5}
   (You found it on level 6 of the Dungeon)

   Slay+5:    It affects your accuracy & damage with ranged weapons and melee
   (+5).
 h - a +0 pair of boots (worn)
 l - +0 fire dragon scales
 p - a +1 cloak
 r - a scarf of resistance (worn)
 C - the +3 leather armour of Hupibbir {rF++ rC+ Str-4 Dex-3}
   (You found it on level 10 of the Dungeon)

   Str-4:     It affects your strength (-4).
   Dex-3:     It affects your dexterity (-3).
   rF++:      It greatly protects you from fire.
   rC+:       It protects you from cold.
 F - a +2 chain mail of willpower (worn)
Gizmo
 N - a NW-80 thermogenerator (installed) {AutoDazzle, rF+ Slay+3}
   (You invented it yourself on level 5 of the Lair of Beasts)

   [NW-80 thermogenerator]

   AutoDazzle: It sometimes fires a blinding ray at enemies whose attacks you
   dodge.
   Slay+3:    It affects your accuracy & damage with ranged weapons and melee
   (+3).
   rF+:       It protects you from fire.
Wands
 c - a wand of charming (21)
 t - a wand of mindburst (7)
 u - a wand of acid (8)
 v - a wand of flame (63)
 I - a wand of warping (8)
 J - a wand of polymorph (8)
Scrolls
 f - 9 scrolls of enchant armour
 g - 3 scrolls of enchant weapon
 m - 2 scrolls of teleportation
 n - 3 scrolls of fog
 w - 4 scrolls of fear
 x - 2 scrolls of vulnerability
 y - 4 scrolls of identify
 z - 4 scrolls of immolation
 D - 2 scrolls of noise
 H - a scroll of brand weapon
 O - 4 scrolls of poison
 P - 2 scrolls of silence
 Z - a scroll of revelation
Potions
 b - 2 potions of magic
 e - 6 potions of curing
 i - 4 potions of cancellation
 j - 6 potions of heal wounds
 k - 3 potions of mutation
 o - 5 potions of haste
 q - 2 potions of might
 A - 3 potions of brilliance
 E - 2 potions of ambrosia
 K - 2 potions of enlightenment
 L - a potion of invisibility
 M - 4 potions of attraction
 Q - a potion of berserk rage {unknown}
 R - a potion of lignification {unknown}
 Y - 2 potions of resistance
Miscellaneous
 G - a tin of tremorstones (2/2)
 T - a phantom mirror
 U - a lightning rod (4/4)


   Skills:
 + Level 16.0 Fighting
 + Level 17.9 Axes
 * Level 12.4 Armour
 + Level 11.4 Dodging
 + Level 11.8 Evocations


You had 16 spell levels left.
You didn't know any spells.
Your spell library was empty.

Dungeon Overview and Level Annotations

Branches:
Dungeon (13/15)            Temple (0/1) D:4            Lair (5/5) D:9
  Swamp (0/4) Lair:3        Snake (4/4) Lair:2        Slime (0/5) Lair:5
    Orc (2/2) D:11            Elf (0/3) Orc:2         IceCv (visited)
 Vaults: D:13-14

Altars:
Cheibriados
Fedhas
Gozag
Kikubaaqudgha
Makhleb
Nemelex Xobeh
Okawaru
Qazlal
Trog
Wu Jian
Yredelemnul
The Shining One
Beogh

Shops:
Orc:1 !=(!   Orc:2 =[?[   Snake:1 ?=   Snake:2 =::

Annotations:
D:6 2 runed translucent doors
Lair:1 exclusion: 2 oklob plants
Lair:4 exclusion: oklob plant
Snake:2 2 transporters


Innate Abilities, Weirdness & Mutations

You can wield a second weapon in your off-hand.
It takes a long time for you to wield or remove held weapons.
Your first few attacks do less damage.
You cannot equip rings or amulets.


Message History

The black mamba bites you but does no damage.
The black mamba bites you.
* * * LOW HITPOINT WARNING * * *
The black mamba completely misses you.
The mana viper bites you but does no damage.
The mana viper bites you!
* * * LOW HITPOINT WARNING * * *
You feel your power leaking away.
* * * LOW MAGIC WARNING * * *
The naga hits you with a +0 flail!
* * * LOW HITPOINT WARNING * * *
The black mamba bites you but does no damage.
The naga ritualist mumbles some strange prayers to its god.
The naga ritualist begins to radiate toxic energy.
* * * LOW HITPOINT WARNING * * *
You are lethally poisoned!
The anaconda bites you but does no damage.
The black mamba bites you!
* * * LOW HITPOINT WARNING * * *
The black mamba bites you but does no damage.
You climb upwards.
* * * LOW HITPOINT WARNING * * *
You feel extremely sick.
There is a stone staircase leading down here.
Unknown command.
Unknown command.
Unknown command.
Unknown command.
Unknown command.
Unknown command.
Blink to where?
Press: ? - help, Dir - move target
As you read the scroll of blinking, it crumbles to dust.
* * * LOW HITPOINT WARNING * * *
You feel very sick.
Your skin crawls.
You feel strong-willed.
* * * LOW HITPOINT WARNING * * *
You feel very sick.
You die...

# ##..# ## #..# .# #..# .#
#..# .# #..########## .#
############# #............
.# #...........#
#..########## .###
#.<.........###..######
...#
#....S....@...........#
##.#
#.....S....####..####.#####
#.# #..N.S....##
#..####......
#.####).N.^S..##
#............
#....[)SS....##
#############
######).....## ##....##
######


You could see an anaconda, a naga ritualist (toxic aura), 2 mana vipers, 2 black
mambas and a naga (strong).

Vanquished Creatures
  Saint Roka (Orc:2)
  Jorgrun (Orc:2)
  Gastronok (D:10)
  Aizul (Snake:1)
  4 nagarajas
  Nessos (Lair:4)
  A fire dragon (Lair:5)
  2 hydras (Lair:5)
  8 centaur warriors
  An alligator (Lair:3)
  3 ogre magi
  3 catoblepae
  8 anacondas
  A death knight (D:11)
  6 death yaks (Lair:5)
  5 tengu warriors
  8 two-headed ogres
  2 boulder beetles
  An occultist (D:11)
  7 naga warriors
  2 naga sharpshooters
  4 orc high priests (Orc:2)
  9 shock serpents
  Nergalle (D:12)
  Amaemon (Lair:3)
  3 skysharks (Lair:5)
  2 salamander mystics (Snake:3)
  A naga ritualist (Snake:2)
  5 mana vipers
  6 orc knights
  A lindwurm (Lair:5)
  An obsidian bat (Orc:2)
  A deep elf pyromancer (D:13)
  A necromancer (Lair:3)
  2 manticores
  4 orc sorcerers (Orc:2)
  2 ugly things
  6 salamanders
  4 cyclopes
  Maurice (D:8)
  9 elephants (Lair:5)
  7 kobold blastminers (Orc:2)
  3 guardian serpents
  2 ice statues (IceCv)
  An orange demon (Lair:3)
  2 molten gargoyles (Lair:5)
  26 black mambas
  5 naga magi
  3 kobold demonologists
  Jeremiah (D:6)
  Maggie (D:9)
  2 gargoyles
  A freezing wraith (IceCv)
  3 rime drakes
  14 cane toads
  22 komodo dragons
  3 polar bears
  5 trolls
  3 hornets
  9 blink frogs
  7 dream sheep (Lair:5)
  3 slime creatures (D:12)
  A shadow (D:11)
  2 wraiths
  5 wyverns
  64 yaks
  A vampire (D:11)
  A golden eye (Lair:1)
  6 basilisks
  6 wargs
  3 steam dragons
  5 vampire mosquitoes
  23 nagas
  26 water moccasins
  2 acid dragons
  4 hell hounds (Lair:5)
  2 sky beasts
  39 orc warriors
  An ice beast (D:8)
  A laughing skull (D:11)
  16 ogres
  12 wolves
  An elephant zombie (D:7)
  29 centaurs
  4 phantoms
  An elf zombie (D:7)
  20 bullfrogs
  Blork the orc (D:4)
  2 cane toad simulacra (IceCv)
  5 kobold brigands
  A gnoll sergeant (D:8)
  A scorpion (D:5)
  7 wights
  A killer bee (D:11)
  2 elephant simulacra (IceCv)
  8 howler monkeys
  3 bombardier beetles
  4 lava snakes (Lair:5)
  A centaur zombie (D:7)
  2 jellies (D:6)
  33 orc priests
  2 hounds
  A human zombie (D:7)
  Crazy Yiuf (D:3)
  4 sleepcaps (D:6)
  A gnoll bouda (D:6)
  4 iguanas
  27 orc wizards
  4 polar bear simulacra (Lair:3)
  3 scorpion zombies (D:7)
  A yak simulacrum (Lair:3)
  2 wolf simulacra (Lair:3)
  2 ogre zombies (D:7)
  4 hound zombies (D:7)
  6 gnolls
  4 adders
  A shadow imp (D:5)
  3 white imps
  2 adder zombies (D:7)
  3 ribbon worms
  5 dart slugs
  88 orcs
  6 ball pythons
  7 bats
  4 endoplasms
  2 giant cockroaches
  5 goblins
  4 hobgoblins
  8 jackals
  15 kobolds
  A quokka (D:5)
  3 frilled lizards
  6 rats
  4 river rat simulacra (Lair:3)
833 creatures vanquished.

Vanquished Creatures (others)
  2 orc wizards (Orc:2)
  An orc (Orc:2)
3 creatures vanquished.

Grand Total: 836 creatures vanquished

Notes
Turn   | Place    | Note
-------+----------+-------------------------------------------
     0 | D:1      | lunkers the Coglin Berserker began the quest for the Orb.
     0 | D:1      | Reached XP level 1. HP: 18/18 MP: 1/1
   243 | D:1      | Reached XP level 2. HP: 24/24 MP: 2/2
   580 | D:1      | Reached skill level 4 in Axes
   742 | D:2      | Reached XP level 3. HP: 29/29 MP: 3/3
   892 | D:2      | Reached ** piety under Trog
  1236 | D:3      | Reached XP level 4. HP: 35/35 MP: 4/4
  1413 | D:3      | Noticed a phantom
  1420 | D:3      | Reached skill level 5 in Axes
  1424 | D:3      | Killed a phantom
  1425 | D:3      | Reached XP level 5. HP: 36/41 MP: 5/5
  1531 | D:3      | Reached skill level 6 in Axes
  1605 | D:3      | Found a runed translucent door.
  1606 | D:3      | Noticed Crazy Yiuf
  1611 | D:3      | Killed Crazy Yiuf
  1615 | D:3      | Identified the +11 hammer "Eddor" {protect, rPois rC+
                  | Dex+4}
  1942 | D:4      | Noticed Blork the orc
  1947 | D:4      | Killed Blork the orc
  1948 | D:4      | Reached XP level 6. HP: 47/47 MP: 6/6
  1978 | D:4      | Found an opulent altar of Gozag.
  2029 | D:4      | Reached skill level 7 in Axes
  2048 | D:4      | Found a staircase to the Ecumenical Temple.
  2141 | D:4      | Found a blossoming altar of Fedhas.
  2149 | D:4      | Reached XP level 7. HP: 52/52 MP: 7/7
  2170 | D:4      | Found an ornate altar of the Wu Jian Council.
  2239 | D:4      | Reached skill level 8 in Axes
  2343 | D:4      | Found the +8 pair of quick blades "Gyre" and "Gimble"
                  | {protect}
  2354 | D:4      | Reached *** piety under Trog
  2691 | D:4      | Reached skill level 9 in Axes
  2830 | D:5      | Entered Level 5 of the Dungeon
  2850 | D:5      | Reached XP level 8. HP: 31/58 MP: 8/8
  3060 | D:5      | Reached skill level 10 in Axes
  3490 | D:5      | Reached skill level 11 in Axes
  3713 | D:6      | Found the +3 pair of gauntlets of War {Slay+5}
  3722 | D:6      | Found a large runed translucent door.
  3722 | D:6      | Found a large runed translucent door.
  3904 | D:6      | Noticed Jeremiah
  3919 | D:6      | Killed Jeremiah
  3920 | D:6      | Reached skill level 12 in Axes
  3920 | D:6      | Reached XP level 9. HP: 52/63 MP: 9/9
  3920 | D:6      | Upgraded the game from 0.32-a0-791-gfc315c9ecd to
                  | 0.32-a0-799-g95e1662365
  3920 | D:6      | Upgraded the game from 0.32-a0-799-g95e1662365 to
                  | 0.32-a0-834-geaf45d8e21
  4215 | D:6      | Found a large runed translucent door.
  4217 | D:6      | Found a large runed translucent door.
  4411 | D:6      | Reached **** piety under Trog
  4418 | D:6      | Reached skill level 13 in Axes
  4450 | D:6      | Noticed a two-headed ogre
  4454 | D:6      | Killed a two-headed ogre
  4520 | D:6      | Found a sparkling altar of Nemelex Xobeh.
  4521 | D:6      | Found a basalt altar of Yredelemnul.
  4691 | D:6      | Reached XP level 10. HP: 67/70 MP: 10/10
  4695 | D:6      | Reached skill level 14 in Axes
  4878 | D:7      | Found a snail-covered altar of Cheibriados.
  5029 | D:7      | Reached skill level 5 in Fighting
  5062 | D:7      | Found an ancient bone altar of Kikubaaqudgha.
  5233 | D:7      | Identified the +0 pair of boots of Inviolability {Str+6}
  5348 | D:7      | Found a burning altar of Makhleb.
  5351 | D:7      | Noticed a cacodemon
  5418 | D:7      | Found a bloodstained altar of Trog.
  5664 | D:8      | Noticed a two-headed ogre
  5670 | D:8      | Killed a two-headed ogre
  5761 | D:8      | Noticed Maurice
  5766 | D:8      | Something stole a +0 war axe {Xiloxoch}
  5767 | D:8      | Something stole 542 gold
  5769 | D:8      | Killed Maurice
  5894 | D:8      | Reached ***** piety under Trog
  6059 | D:8      | Reached XP level 11. HP: 73/89 MP: 11/11
  6226 | D:8      | Reached skill level 10 in Fighting
  6601 | D:9      | Noticed Maggie
  6705 | D:9      | Killed Maggie
  6834 | D:9      | Found a staircase to the Lair.
  6835 | D:9      | Noticed a two-headed ogre
  6841 | D:9      | Reached skill level 1 in Evocations
  6842 | D:9      | Killed a two-headed ogre
  7096 | D:9      | You fall into a shaft and drop 1 floor!
  7096 | D:10     | Entered Level 10 of the Dungeon
  7479 | D:10     | Noticed a two-headed ogre
  7481 | D:10     | Noticed Gastronok
  7484 | D:10     | Killed a two-headed ogre
  7501 | D:10     | Identified the +8 broad axe of Absolutism {flame, rCorr
                  | Stlth+} (Trog gifted it to you on level 10 of the Dungeon)
  7501 | D:10     | Received a gift from Trog
  7502 | D:10     | Reached skill level 5 in Evocations
  7506 | D:10     | Killed Gastronok
  7601 | D:10     | Identified the +3 leather armour of Hupibbir {rF++ rC+
                  | Str-4 Dex-3}
  8153 | Lair:1   | Entered Level 1 of the Lair of Beasts
  8209 | Lair:1   | Reached XP level 12. HP: 95/100 MP: 12/12
  9024 | Lair:2   | Found a staircase to the Snake Pit.
  9340 | Lair:2   | Reached skill level 5 in Armour
  9343 | Lair:2   | Reached skill level 5 in Dodging
  9681 | Lair:2   | Reached skill level 10 in Evocations
 10496 | Lair:3   | Reached XP level 13. HP: 90/108 MP: 13/13
 10836 | Lair:3   | Received a gift from Trog
 10837 | Lair:3   | Found a frozen archway.
 10848 | IceCv    | Entered an ice cave
 10907 | IceCv    | Found a transporter.
 10917 | IceCv    | Found a transporter.
 11104 | Lair:3   | Found a staircase to the Swamp.
 11181 | Lair:3   | Noticed Amaemon
 11191 | Lair:3   | Killed Amaemon
 11326 | Lair:3   | Reached skill level 15 in Axes
 11858 | Lair:4   | Noticed Nessos
 11884 | Lair:4   | Killed Nessos
 12142 | Lair:4   | Found an iron altar of Okawaru.
 12894 | Lair:5   | Entered Level 5 of the Lair of Beasts
 13004 | Lair:5   | Found a stormy altar of Qazlal.
 13145 | Lair:5   | Reached XP level 14. HP: 90/118 MP: 14/14
 13145 | Lair:5   | Acquired a NW-80 thermogenerator {AutoDazzle, rF+ Slay+3}
 13562 | Lair:5   | Reached ****** piety under Trog
 13720 | Lair:5   | Received a gift from Trog
 13737 | Lair:5   | Reached skill level 16 in Axes
 13849 | Lair:5   | Found a staircase to the Slime Pits.
 14558 | Lair:5   | Found a large runed translucent door.
 14559 | Lair:5   | Found a large runed translucent door.
 15520 | D:11     | Found a staircase to the Orcish Mines.
 16158 | D:11     | Identified the +6 hand axe of Viekhleng {antimagic, *Rage
                  | Str+4 Dex+5} (Trog gifted it to you on level 11 of the
                  | Dungeon)
 16158 | D:11     | Received a gift from Trog
 16163 | D:11     | Reached XP level 15. HP: 124/126 MP: 15/15
 16240 | D:11     | Identified the amulet of Tiuryh {Acrobat Regen+}
 17018 | D:11     | Identified the +3 robe of Zedghoc {*Slow Int+5}
 17588 | D:12     | Noticed Nergalle
 17594 | D:12     | Killed Nergalle
 17823 | D:12     | Found a glowing golden altar of the Shining One.
 17987 | Orc:1    | Entered Level 1 of the Orcish Mines
 18074 | Orc:1    | Found Jiuci's Weapon Shoppe.
 18150 | Orc:1    | Bought the +8 mithril axe "Arga" {speed, Will+} for 1033
                  | gold pieces
 18150 | Orc:1    | Found the +8 mithril axe "Arga" {speed, Will+}
 18240 | Orc:1    | Found Jotiots's Distillery.
 18487 | Orc:1    | Found Olorph's Distillery.
 18682 | Orc:2    | Entered Level 2 of the Orcish Mines
 18684 | Orc:2    | Received a gift from Trog
 19007 | Orc:1    | Found Ysytsio's Jewellery Boutique.
 19779 | Orc:2    | Reached skill level 10 in Armour
 19780 | Orc:2    | Found a staircase to the Elven Halls.
 19860 | Orc:2    | Found Nutze's Jewellery Boutique.
 19935 | Orc:2    | Found a roughly hewn altar of Beogh.
 19935 | Orc:2    | Noticed Saint Roka
 19941 | Orc:2    | Reached skill level 17 in Axes
 19945 | Orc:2    | Reached skill level 10 in Dodging
 19948 | Orc:2    | Killed Saint Roka
 20093 | Orc:2    | Noticed Jorgrun
 20105 | Orc:2    | Killed Jorgrun
 20106 | Orc:2    | Reached skill level 15 in Fighting
 20245 | Orc:2    | Received a gift from Trog
 20337 | Orc:2    | Found Necosauh's Antique Armour Shop.
 20546 | Orc:2    | Found a roughly hewn altar of Beogh.
 20556 | Orc:2    | Found Vawev's Armour Emporium.
 20570 | Orc:2    | Found Anna's Magic Scroll Shoppe.
 20577 | Orc:2    | Reached XP level 16. HP: 111/136 MP: 16/16
 21156 | Orc:2    | Bought a smoking plate armour for 868 gold pieces
 21156 | Orc:2    | Identified the +5 plate armour "Fouxes" {Harm rElec SInv}
                  | (You bought it in a shop on level 2 of the Orcish Mines)
 21813 | D:13     | Received a gift from Trog
 22282 | Snake:1  | Entered Level 1 of the Snake Pit
 22282 | Snake:1  | Identified the serpent talisman of Grace {Dex+5}
 22282 | Snake:1  | Noticed Aizul
 22292 | Snake:1  | Killed Aizul
 22525 | Snake:1  | Found Ypryoher's Magic Scroll Boutique.
 22531 | Snake:1  | Found Diqaado's Jewellery Shop.
 23150 | Snake:1  | HP: 6/136 [poisoned by a naga warrior (splash of poison)]
 23152 | Snake:1  | HP: 1/136 [poisoned by a naga warrior (splash of poison)]
 23157 | Snake:1  | HP: 4/136 [poisoned by a naga (splash of poison)]
 23162 | Snake:1  | HP: 6/136 [poisoned by a naga (splash of poison)]
 23980 | Snake:2  | HP: 9/204 [constriction (3)]
 23981 | Snake:2  | HP: 3/204 [anaconda (6)]
 23981 | Snake:2  | HP: 1/204 [constriction (2)]
 24303 | Snake:2  | Found a transporter.
 24472 | Snake:2  | Noticed a nagaraja
 24481 | Snake:2  | Noticed a nagaraja
 24483 | Snake:2  | Killed a nagaraja
 24740 | Snake:2  | Found Voenes's Jewellery Boutique.
 24740 | Snake:2  | Found Upsar's Book Shoppe.
 24741 | Snake:2  | Found Itac's Book Shoppe.
 24790 | Snake:2  | Noticed a nagaraja
 24801 | Snake:2  | Killed a nagaraja
 24840 | Snake:2  | Received a gift from Trog
 25125 | Snake:2  | Killed a nagaraja
 25659 | Snake:2  | Found a transporter.
 25697 | Snake:2  | Identified the +0 leather armour "Fyqi" {Harm Dex+2 Slay+3}
 25874 | Snake:3  | Reached XP level 17. HP: 136/144 MP: 17/17
 27439 | Snake:4  | Entered Level 4 of the Snake Pit
 27451 | Snake:3  | HP: 6/144 [poisoned by a naga ritualist (toxic radiance)]
 27452 | Snake:3  | HP: 2/144 [poisoned by a naga ritualist (toxic radiance)]
 27453 | Snake:3  | Killed from afar by a naga ritualist

Illustrated notes

Levels and vault maps discovered:
D:1:      minmay_arrival_three_doors, layout_basic,
          chequers_serial_rivers_room_a
D:2:      layout_basic, kennysheep_generic_room_15
D:3:      layout_basic, uniq_crazy_yiuf_cottage
D:4:      layout_loops_ring, mainiacjoe_overflow_alcove_2,
          nicolae_gozag_seed_capital, lemuel_round_altar,
          minmay_temple_entry_sparse_star, uniq_blork_the_orc
D:5:      layout_basic
D:6:      layout_basic, gammafunk_temple_overflow_pools,
          minmay_hollow_rounded_squares, uniq_jeremiah
D:7:      layout_loops_ring, marbit_many_paths, slow_altar_1,
          makhleb_altar_promises_db, roadster_capsule_ark_zombie
D:8:      layout_loops_cross, uniq_maurice
D:9:      layout_big_octagon, david_lair_shrubbed, minivault_5, uniq_maggie
D:10:     layout_loops_ring, uniq_gastronok
D:11:     minmay_the_grid_triangle_9x9_recursive_3
          [minmay_the_grid_triangle_9x9_thin_v,
          minmay_the_grid_triangle_9x9_cache,
          minmay_the_grid_triangle_9x9_warning,
          minmay_the_grid_triangle_9x9_prize_center,
          minmay_the_grid_triangle_9x9_odd_lines,
          minmay_the_grid_triangle_9x9_minimal,
          minmay_the_grid_triangle_9x9_zippers_horizontal,
          minmay_the_grid_triangle_9x9_negative_grid,
          minmay_the_grid_triangle_9x9_from_above], layout_basic, orc_0_dummy,
          corexii_checkpoint
D:12:     layout_basic, tso_altar, uniq_nergalle
D:13:     layout_basic
Lair:1:   layout_misc_corridors, serial_bayou_pond_d, disabler_island
Lair:2:   layout_gridlike, minmay_snake_entry_six_corridors
Lair:3:   layout_chaotic_city, mainiacjoe_swamp_entry_lozenge_pond,
          portal_ice_cave_rime, eino_house_with_fridge, lemuel_fruit_tree,
          uniq_amaemon
Lair:4:   hellmonk_destroyed_diamonds, layout_regular_city, lemuel_oklob_altar,
          uniq_nessos
Lair:5:   cheibrodos_lair_end_hotspot, layout_layer_cave,
          dpeg_slime_entry_enclosed, basic_altar
Snake:1:  layout_gridlike, minmay_shoptagon, uniq_aizul
Snake:2:  gammafunk_its_a_trap, layout_onion_interference, minmay_shop_grove,
          grunt_megastairs_2
Snake:3:  layout_gridlike
Snake:4:  snake_pit, layout_cave_town
Orc:1:    layout_diamond_mine, serial_shops, nicolae_shop_stone,
          nicolae_shop_gaudy_bauble, nicolae_shop_hallway_plus,
          nicolae_shop_real_fake_doors
Orc:2:    pubby_orc_utopia, uniq_jorgrun

Skill      XL: |  1  2  3  4  5  6  7  8  9 10 11 12 13 14 15 16 17 |
---------------+----------------------------------------------------+-----
Axes           | 4 5 6 7 9 12 13 14 15 16 17 | 17.9
Fighting       | 9 11 12 13 14 15 16 | 16.0
Evocations     | 6 10 11 | 11.8
Armour         | 3 5 7 9 10 12 | 12.4
Dodging        | 3 5 7 9 10 11 | 11.4

Action                     |  1- 3 |  4- 6 |  7- 9 | 10-12 | 13-15 | 16-18 || total
---------------------------+-------+-------+-------+-------+-------+-------++-------
  Melee: Hand axe          |    55 |    49 |   126 |   171 |       |       ||   401
         Dagger            |    28 |       |       |       |       |       ||    28
         War axe           |    27 |    39 |       |       |       |       ||    66
         Mace              |       |    30 |   134 |   283 |   367 |       ||   814
         Broad axe         |       |       |       |   110 |   700 |   385 ||  1195
         Unarmed           |       |       |       |       |    16 |       ||    16
 Invoke: Berserk           |       |     1 |     2 |     4 |     4 |     6 ||    17
         Trog's Hand       |       |       |       |       |     1 |     3 ||     4
Ability: Invent Gizmo      |       |       |       |       |     1 |       ||     1
  Evoke: Wand              |       |       |       |       |       |     4 ||     4
    Use: Scroll            |     1 |     9 |     4 |     4 |    10 |     4 ||    32
         Potion            |       |       |       |       |       |     1 ||     1
   Stab: Sleeping          |       |       |       |     4 |    10 |       ||    14
         Confused          |       |       |       |       |     2 |       ||     2
         Invisible         |       |       |       |       |     6 |     5 ||    11
 Armour: Animal skin       |     4 |       |       |       |       |       ||     4
         Ring mail         |     6 |       |       |       |       |       ||     6
         Scale mail        |    27 |    43 |   101 |   103 |       |       ||   274
         Acid dragon scale |       |       |       |    35 |       |       ||    35
         Leather armour    |       |       |       |    75 |   434 |    10 ||   519
         Skin              |       |       |       |       |    10 |       ||    10
         Chain mail        |       |       |       |       |       |   313 ||   313
  Dodge: Dodged            |    38 |    20 |    62 |   134 |   356 |   132 ||   742

Table legend: (Time is in decaauts)
 A = Elapsed time spent in this place.
 B = Non-inter-level travel time spent in this place.
 C = Inter-level travel time spent in this place.
 D = Time resting spent in this place.
 E = Time spent auto-exploring this place.
 F = Levels seen in this place.
 G = Mean time per level.
                   A        B        C        D        E       F      G
               +--------+--------+--------+--------+--------+-----+--------+
         Total |  27404 |  25810 |   1594 |    547 |  21327 |  25 | 1096.2 |
       Dungeon |  12179 |  11041 |   1138 |    182 |   9159 |  13 |  936.8 |
          Lair |   6723 |   6475 |    248 |      3 |   5409 |   5 | 1344.6 |
     Snake Pit |   5178 |   5174 |      4 |    362 |   4271 |   4 | 1294.5 |
  Orcish Mines |   3200 |   2997 |    203 |      0 |   2446 |   2 | 1600.0 |
      Ice Cave |    122 |    122 |      0 |      0 |     40 |   1 |  122.0 |
               +--------+--------+--------+--------+--------+-----+--------+

Top non-repeatable levels by time:
   Orc:2: 2405 daAuts
  Lair:5: 2396 daAuts
 Snake:1: 1981 daAuts
    D:11: 1692 daAuts
 Snake:3: 1674 daAuts
 Snake:2: 1510 daAuts
  Lair:3: 1226 daAuts
     D:8: 1165 daAuts
     D:6: 1149 daAuts
  Lair:2: 1123 daAuts
  Lair:4: 1094 daAuts
     D:4: 970 daAuts
    D:12: 944 daAuts
     D:5: 920 daAuts
  Lair:1: 883 daAuts
